 Dungeon Crawl Stone Soup version 0.21-a0-286-g6fcecc0 (webtiles) character file.

1528 Spazmo the Thaumaturge (level 8, -10/41 HPs)
             Began as a Deep Elf Earth Elementalist on Sept 27, 2017.
             Mangled by Joseph
             ... wielding a +0 quarterstaff
              (16 damage)
             ... on level 7 of the Dungeon.
             The game lasted 00:15:37 (5930 turns).

Spazmo the Thaumaturge (DEEE)                       Turns: 5930, Time: 00:15:38

Health: -10/41     AC:  6    Str:  5    XL:     8   Next: 55%
Magic:  8/31       EV: 13    Int: 23    God:
Gold:   37         SH:  0    Dex: 15    Spells: 20/24 levels left

rFire    . . .     SeeInvis .   i - +0 dagger
rCold    . . .     Gourm    .   (no shield)
rNeg     . . .     Faith    .   c - +0 robe
rPois    .         Spirit   .   m - +2 hat
rElec    .         Reflect  .   w - +0 cloak
rCorr    +         Harm     .   (no gloves)
MR       .....                  r - +0 pair of boots
Stlth    ++........             (no amulet)
HPRegen  0.13/turn              p - ring of magical power
MPRegen  0.22/turn              l - ring of resist corrosion

@: no status effects
A: no striking features
a: no special abilities


You were on level 7 of the Dungeon.
You were not hungry.

You visited 2 branches of the dungeon, and saw 8 of its levels.

You collected 240 gold pieces.
You spent 203 gold pieces at shops.

Inventory:

Hand Weapons
 i - a +0 dagger (weapon)
Missiles
 b - 231 stones (quivered)
Armour
 c - a +0 robe (worn)
 m - a +2 hat (worn)
 r - a +0 pair of boots (worn)
 w - a +0 cloak (worn)
Jewellery
 l - a ring of resist corrosion (right hand)
 p - a ring of magical power (left hand)
 B - an uncursed ring of ice
Wands
 v - a wand of digging (13/24)
 x - a wand of lightning (8/15)
Scrolls
 g - 10 scrolls of remove curse
 j - 3 scrolls of teleportation
 k - 2 scrolls of identify
 s - a scroll of enchant armour {unknown}
Potions
 h - a potion of brilliance
 n - a potion of invisibility
 u - a potion of curing
 A - a potion of cancellation
Books
 e - a book of Geomancy

   Spells                             Type                      Level
   a - Sandblast                      Earth                        1
   b - Passwall                       Transmutation/Earth          2
   c - Stone Arrow                    Conjuration/Earth            3
   d - Petrify                        Transmutation/Earth          4
   e - Lee's Rapid Deconstruction     Earth                        5
 o - a book of Cantrips

   Spells                             Type                      Level
   a - Confusing Touch                Hexes                        1
   b - Animate Skeleton               Necromancy                   1
   c - Summon Small Mammal            Summoning                    1
   d - Apportation                    Translocation                1
Comestibles
 a - 5 meat rations
 d - 5 bread rations
 f - a royal jelly
 q - a chunk of flesh


   Skills:
 - Level 3.0 Dodging
 - Level 3.4 Stealth
 + Level 8.6 Spellcasting
 + Level 6.2 Conjurations
   Level 1.1 Transmutations
 + Level 7.4 Earth Magic


You had 20 spell levels left.
You knew the following spells:

 Your Spells              Type           Power        Failure   Level  Hunger
a - Sandblast             Erth           #####.       1%          1    None
b - Stone Arrow           Conj/Erth      #####.       1%          3    None


Dungeon Overview and Level Annotations

Branches:
Dungeon (7/15)             Temple (1/1) D:5

Altars:
Cheibriados
Dithmenos
Elyvilon
Gozag
Makhleb
Nemelex Xobeh
Qazlal
Ru
Wu Jian
Xom
Yredelemnul
The Shining One

Shops:
D:6 (

Annotations:
D:4 Spazmo's ghost, amateur DEEE
D:7 Joseph


Message History

Joseph drinks a potion.
Joseph is healed!
Casting: Stone Arrow
Confirm with . or Enter, or press ? or * to list all spells.
Aiming: Stone Arrow
Press: ? - help, Shift-Dir - straight line, f/p - Joseph
Aim: Joseph, wielding a quarterstaff and wearing a leather armour (almost dead)
The stone arrow misses Joseph.
Joseph says, "It's nothing personal, but I have to kill you."
Joseph hits you with a quarterstaff.
* * * LOW HITPOINT WARNING * * *
An orc comes into view. It is wielding a club.
Casting: Stone Arrow
Confirm with . or Enter, or press ? or * to list all spells.
Aiming: Stone Arrow
Press: ? - help, Shift-Dir - straight line, f/p - Joseph
Aim: Joseph, wielding a quarterstaff and wearing a leather armour (almost dead)
The stone arrow misses Joseph.
The orc shouts!
Joseph hits you with a quarterstaff!
You die...

#...#########.#
#...#.....>...#
###..)###.##.##.#.#
#...⌠.).).##.##.#.#
##.....#####.##....
##...######.##o#@# #
##.##>.....##.#)#
..###'#..#######)#.#
......#.........@#>#
###..............@.#
##.###############
###


You could see Joseph and an orc.

Vanquished Creatures
  3 ice beasts
  A black bear (D:6)
  A sky beast (D:5)
  An ogre (D:4)
  A centaur (D:6)
  2 scorpions
  4 crimson imps (D:5)
  A centaur zombie (D:6)
  A bullfrog zombie (D:7)
  4 hounds
  2 orc priests
  2 centaur skeletons
  3 orc wizards
  Ijyb (D:5)
  Terence (D:2)
  A worker ant (D:4)
  6 adders
  2 gnolls (D:6)
  A howler monkey skeleton (D:6)
  A shadow imp (D:5)
  An ooze (D:1)
  An adder skeleton (D:6)
  2 worms
  3 dart slugs (D:3)
  5 leopard geckos
  19 orcs
  10 bats (D:3)
  3 giant cockroaches
  3 goblins
  10 hobgoblins
  7 jackals
  2 quokkas
  5 frilled lizards
  6 kobolds
  A leopard gecko skeleton (D:5)
  A quokka zombie (D:6)
  5 rats
123 creatures vanquished.

Notes
Turn   | Place    | Note
-------+----------+-------------------------------------------
     0 | D:1      | Spazmo the Deep Elf Earth Elementalist began the quest for the Orb.
     0 | D:1      | Reached XP level 1. HP: 10/10 MP: 6/6
    88 | D:1      | Reached XP level 2. HP: 10/15 MP: 0/8
   851 | D:2      | Reached XP level 3. HP: 19/19 MP: 6/9
   859 | D:2      | Learned a level 3 spell: Stone Arrow
   990 | D:2      | Found an ornate altar of the Wu Jian Council.
  1121 | D:2      | Reached skill level 4 in Spellcasting
  1121 | D:2      | Reached skill level 1 in Conjurations
  1121 | D:2      | Reached XP level 4. HP: 18/24 MP: 8/12
  1434 | D:2      | Noticed Terence
  1444 | D:2      | Killed Terence
  1827 | D:3      | Found a faded altar of an unknown god.
  1917 | D:3      | Reached XP level 5. HP: 28/28 MP: 11/13
  1977 | D:3      | Found an opulent altar of Gozag.
  2509 | D:4      | Reached skill level 5 in Spellcasting
  2517 | D:4      | Reached XP level 6. HP: 30/32 MP: 3/15
  2708 | D:4      | Reached skill level 5 in Earth Magic
  3157 | D:4      | Noticed Spazmo's ghost (amateur DEEE)
  3459 | D:5      | Entered Level 5 of the Dungeon
  3478 | D:5      | Found a shimmering altar of Xom.
  3577 | D:5      | Reached skill level 6 in Spellcasting
  3645 | D:5      | Reached XP level 7. HP: 36/36 MP: 18/18
  3879 | D:5      | Found a staircase to the Ecumenical Temple.
  3916 | Temple   | Entered the Ecumenical Temple
  4087 | D:5      | Noticed Ijyb
  4093 | D:5      | Killed Ijyb
  4458 | D:6      | Reached skill level 7 in Spellcasting
  4458 | D:6      | Reached skill level 5 in Conjurations
  4825 | D:6      | Found a sparkling altar of Nemelex Xobeh.
  4839 | D:6      | Reached XP level 8. HP: 41/41 MP: 16/21
  4929 | D:6      | Found Yntyira's Antique Weapon Emporium.
  4965 | D:6      | Bought a bloodstained dagger for 203 gold pieces
  4965 | D:6      | Identified the +6 dagger of a volcano {holy, *Rage +Inv Int+3 Stlth+} (You bought it in a shop on level 6 of the Dungeon)
  5306 | D:6      | Reached skill level 8 in Spellcasting
  5916 | D:7      | Noticed Joseph
  5930 | D:7      | Mangled by Joseph

Vault maps used:
D:1:      eino_arrival_tree_alley
D:2:      old_standard_altar, first_bread, uniq_terence
D:3:      lemuel_doored_altar, chequers_ecumenical_altar_simple,
          roderic_batcave, serial_bayou_pond_b
D:4:      nicolae_zen_rock_garden
D:5:      minmay_temple_entry_trees, led_xom_imps, uniq_ijyb
D:6:      nemelex_xobeh_ov_fountains_minmay, serial_shops,
          nicolae_shop_statue_plus
D:7:      the_bakery, grunt_ministairs_14, minivault_24,
          kennysheep_generic_room_12, uniq_joseph
Temple:   kb_temple_of_zot

Skill      XL: |  1  2  3  4  5  6  7  8 |
---------------+-------------------------+-----
Dodging        | 3 |  3.0
Stealth        | 3 |  3.4
Spellcasting   | 4 5 6 7 8 |  8.6
Conjurations   | 1 2 3 4 5 6 |  6.2
Earth Magic    | 4 5 6 7 |  7.4
Transmutations | |  1.1

Action                   |  1- 3 |  4- 6 |  7- 9 || total
-------------------------+-------+-------+-------++-------
Melee: Club              |     6 |       |       ||     6
       Dagger            |    75 |    14 |       ||    89
 Cast: Sandblast         |    33 |    64 |    21 ||   118
       Stone Arrow       |       |    28 |    62 ||    90
  Use: Scroll            |     3 |     2 |     6 ||    11
       Potion            |       |       |     1 ||     1
 Stab: Sleeping          |     5 |       |       ||     5
  Eat: Chunk             |     1 |     8 |     3 ||    12
       Royal jelly       |       |       |     2 ||     2
Armor: Robe              |    22 |    19 |     1 ||    42
Dodge: Dodged            |    61 |    42 |     9 ||   112

Table legend:
 A = Spawn XP
 B = Non-spawn XP
 C = Spawn XP percentage of total XP
 D = Spawn monster count
 E = Non-spawn monster count
 F = Spawn count percentage of total count
 G = Total turns spent on level
                    A         B        C        D         E        F      G
               +---------+---------+-------+---------+---------+-------+---------
         Total |       0 |    2183 |   0.0 |       0 |     123 |   0.0 |  5930
               +---------+---------+-------+---------+---------+-------+---------
           D:1 |       0 |      38 |   0.0 |       0 |      21 |   0.0 |   815
           D:2 |       0 |     108 |   0.0 |       0 |      17 |   0.0 |   838
           D:3 |       0 |     117 |   0.0 |       0 |      28 |   0.0 |   806
           D:4 |       0 |     413 |   0.0 |       0 |      14 |   0.0 |  1000
           D:5 |       0 |     413 |   0.0 |       0 |       9 |   0.0 |   859
           D:6 |       0 |     761 |   0.0 |       0 |      25 |   0.0 |  1364
           D:7 |       0 |     333 |   0.0 |       0 |       9 |   0.0 |   139
               +---------+---------+-------+---------+---------+-------+---------
